Map: Incorporeal LE

Players

TrixterSC - Winner!

  • Race: Terran Terran
  • Spawn Location: 5:00

Sindyr

  • Race: Protoss Protoss
  • League: Master
  • Spawn Location: 11:00

VOD

Have the link to the VOD?

Description

Time

  • Played on: Oct. 13, 2025, 11:28 a.m.
  • Length: 12:49
Show
View Real Time Build Order
Export as new Build Order

TrixterSC Terran - Winner!

Build Orders: Reaper Expand 

Get SALT Encoding   

  12  0:00  SCV  
  13  0:12  SCV  
  14  0:21  Supply Depot  
  14  0:24  SCV  
  15  0:43  SCV  
  15  0:44  Barracks  
  16  0:55  SCV  
  17  1:00  Refinery  
  17  1:07  SCV  
  18  1:24  Command Center  
  18  1:39  Barracks  
  18  1:48  SCV  
  18  1:50  Reaper  
  20  2:00  SCV  
  21  2:11  Supply Depot  
  21  2:13  SCV  
  22  2:25  SCV  
  22  2:28  Barracks Tech Lab  
  24  2:37  SCV  
  24  2:38  Refinery  
  24  2:39  Barracks Reactor  
  24  2:45  SCV  
  25  2:57  SCV  
  26  3:07  SCV  
  26  3:08  Factory  
  26  3:09  SCV  
  28  3:19  SCV  
  29  3:21  SCV  
  29  3:22  Stimpack  
  29  3:24  Marine x2  
  29  3:25  Marauder  
  34  3:31  SCV  
  34  3:33  SCV  
  36  3:41  Marine  
  36  3:42  Marine  
  36  3:45  SCV  
  36  3:46  Marauder  
  41  3:55  Barracks  
  41  3:56  SCV  
  41  3:57  SCV  
  43  4:08  SCV  
  43  4:09  Marine, SCV  
  46  4:13  Supply Depot  
  46  4:21  Engineering Bay  
  46  4:27  Supply Depot  
  46  4:35  Marine, SCV, Marauder  
  46  4:37  Supply Depot  
  50  4:43  SCV  
  51  4:45  Starport  
  51  4:48  Engineering Bay  
  51  4:49  Terran Infantry Weapons Level 1  
  51  4:52  Marine  
  52  4:55  SCV  
  52  4:56  Orbital Command  
  52  4:57  Marauder  
  55  5:00  Marine x2  
  59  5:07  Widow Mine  
  59  5:12  Refinery  
  59  5:13  Refinery  
  59  5:15  Supply Depot  
  59  5:16  Terran Infantry Armor Level 1  
  59  5:19  Marine  
  59  5:20  Marine  
  61  5:27  Medivac  
  63  5:43  Combat Shield  
  63  5:47  Supply Depot  
  62  5:59  Marine x3  
  62  6:00  Marauder  
  62  6:01  Command Center  
  67  6:07  Viking  
  67  6:09  Factory Tech Lab  
  69  6:15  Barracks  
  69  6:20  Marine x2  
  69  6:21  Marauder  
  71  6:47  Marine x3  
  71  6:48  Marauder  
  74  7:07  Medivac, Barracks  
  76  7:09  Marauder  
  63  7:33  Marine x2  
  63  7:34  Marine x2, Marauder  
  69  7:38  Supply Depot, SCV  
  70  7:50  Factory, SCV  
  71  7:51  Marine x2  
  71  7:52  Marine x2  
  71  7:54  Armory  
  71  7:55  Marauder  
  77  8:02  SCV  
  78  8:09  Marine  
  79  8:14  Marine  
  79  8:15  Marine x2  
  79  8:16  Marine  
  79  8:17  Marauder  
  83  8:38  Marauder  
  79  8:46  Marine  
  80  8:50  Factory Tech Lab, Siege Tank  
  83  8:57  SCV x3  
  83  9:00  Marauder, Barracks  
  88  9:03  Terran Vehicle Weapons Level 1  
  88  9:09  SCV x2  
  90  9:15  Concussive Shells  
  90  9:17  Barracks Tech Lab  
  90  9:18  Barracks Reactor  
  90  9:20  Barracks Tech Lab  
  90  9:21  Marauder, Starport Reactor  
  90  9:23  Siege Tank  
  95  9:28  Siege Tank  
  98  9:33  Terran Infantry Weapons Level 2, Terran Infantry Armor Level 2  
  98  9:37  Marine x3  
  101  9:39  Marine  
  101  9:42  SCV, Marauder  
  105  9:54  Marine x4  
  109  10:09  Supply Depot  
  109  10:10  Supply Depot  
  109  10:11  Supply Depot  
  109  10:30  Marine x3, Siege Tank  
  109  10:31  Marauder, Siege Tank  
  109  10:32  Marauder  
  109  10:33  Marine x2  
  109  10:34  Marine  
  125  10:43  Orbital Command  
  125  10:45  Medivac x2  
  125  10:48  Marine x2, Marauder  
  133  10:56  Refinery  
  133  11:04  Factory  
  133  11:10  SCV, Marauder  
  133  11:28  Supply Depot x2  
  133  11:31  Supply Depot  
  133  11:49  Marine x6, Siege Tank  
  133  11:50  SCV, Marauder x2  
  133  11:52  Siege Tank  
  150  11:58  Medivac  
  150  11:59  Medivac  
Show
View Real Time Build Order
Export as new Build Order

Sindyr Protoss 

Build Orders: 1 Gate Expand, Double Forge, Archon Immortal 

Get SALT Encoding   

  12  0:02  Probe  
  13  0:15  Pylon  
  13  0:18  Probe  
  14  0:30  Probe  
  15  0:37  Gateway  
  15  0:39  Probe  
  15  0:47  Probe  
  16  0:54  Assimilator  
  17  0:57  Probe  
  18  1:09  Probe  
  19  1:17  Probe  
  20  1:26  Probe  
  20  1:31  Nexus  
  21  1:40  Cybernetics Core  
  21  1:47  Assimilator  
  21  1:50  Probe  
  22  2:01  Pylon  
  22  2:02  Probe  
  23  2:19  Probe  
  26  2:31  Probe  
  26  2:32  Robotics Facility  
  26  2:34  Stalker  
  27  2:37  Warp Gate  
  27  2:42  Probe  
  27  2:43  Probe  
  29  2:55  Probe  
  27  3:08  Probe  
  28  3:20  Probe, Observer  
  28  3:22  Stalker  
  32  3:32  Gateway, Probe  
  33  3:44  Probe  
  33  3:47  Pylon  
  34  3:56  Probe  
  35  4:07  Probe  
  35  4:08  Probe  
  37  4:19  Probe  
  37  4:20  Probe  
  39  4:26  Immortal  
  39  4:27  Assimilator  
  43  4:31  Forge, Probe  
  43  4:32  Probe  
  43  4:33  Forge  
  45  4:43  Probe  
  45  4:44  Probe  
  47  4:45  Robotics Facility  
  47  4:54  Stalker x2  
  47  4:56  Probe x2  
  53  5:02  Pylon  
  53  5:08  Probe, Pylon  
  54  5:20  Probe, Immortal  
  58  5:29  Assimilator  
  58  5:39  Protoss Ground Weapons Level 1, Shield Battery  
  58  5:40  Protoss Shields Level 1  
  58  5:43  Photon Cannon  
  58  5:44  Photon Cannon, Nexus, Shield Battery  
  58  5:46  Photon Cannon, Pylon  
  58  6:04  Immortal  
  58  6:07  Twilight Council  
  62  6:12  Immortal  
  66  6:21  Pylon  
  66  6:23  Pylon  
  66  6:37  Stalker x2  
  62  6:50  Immortal  
  62  6:51  Immortal  
  70  7:02  Stalker x2  
  74  7:11  Gateway x2  
  74  7:17  Pylon  
  74  7:19  Pylon  
  70  7:29  Warp Prism  
  72  7:48  Protoss Ground Weapons Level 2  
  72  7:49  Protoss Ground Armor Level 1  
  72  7:50  Zealot x2  
  76  7:58  Gateway  
  76  8:00  Gateway  
  76  8:03  Gateway  
  76  8:05  Charge  
  76  8:21  Immortal  
  76  8:22  Immortal  
  84  8:29  Stalker x2  
  76  8:43  Probe x2  
  78  8:55  Probe  
  78  8:56  Probe  
  80  9:07  Probe  
  80  9:08  Probe  
  82  9:14  Templar Archives  
  82  9:20  Probe x2  
  82  9:23  Nexus  
  84  9:32  Probe x2  
  86  9:40  Protoss Shields Level 2  
  86  9:53  High Templar x2  
  86  9:54  High Templar x2  
  86  9:58  Archon  
  86  9:59  Archon  
  94  10:06  Pylon  
  94  10:07  Photon Cannon, Pylon  
  94  10:11  Photon Cannon x2  
  94  10:31  Nexus  
  94  10:40  Probe  
  94  10:48  Probe  
  94  10:58  Probe  
  94  10:59  Zealot x4  
  94  11:00  Zealot x2  
  94  11:02  Zealot  
  109  11:10  Probe  
  98  11:22  Probe  
  98  11:24  Pylon  
  98  11:25  Immortal  
  103  11:27  Pylon  
  103  11:33  Assimilator  
  103  11:34  Probe  
  103  11:37  Assimilator  
  104  11:46  Probe  
  105  11:50  Probe  
  106  11:55  Probe, Pylon  
  106  11:58  Pylon  
  106  12:00  Probe, Assimilator  
  107  12:02  Assimilator  
  107  12:03  Probe  
  109  12:08  Probe  
  109  12:13  Probe  
  110  12:17  Probe  
  110  12:19  High Templar x5  
  110  12:20  High Templar x2  
  126  12:24  Archon x3  
  126  12:25  Probe  
  126  12:29  Probe  
Tags
 
Add a new tag
Caveats
  • Supply blocks, unpowered buildings, or Contaminate may cause inaccurate times.
  • Supply counts are checked every 10 seconds.